Map: Abyssal Reef LE

Players

CinDra - Winner!

  • Race: Protoss Protoss
  • Spawn Location: 11:00

A.I. 1 (Easy)

  • Race: Zerg Zerg
  • Spawn Location: 5:00

VOD

Have the link to the VOD?

Description

Time

  • Played on: Jan. 19, 2018, 10:30 p.m.
  • Length: 12:06
Show
View Real Time Build Order
Export as new Build Order

CinDra Protoss - Winner!

Build Orders:  

Get SALT Encoding   

  12  0:01  Probe  
  13  0:13  Probe  
  14  0:21  Pylon  
  14  0:25  Probe  
  15  0:39  Probe  
  15  0:42  Gateway  
  16  0:54  Probe (Chrono Boost)  
  17  1:04  Probe (Chrono Boost)  
  18  1:05  Assimilator  
  18  1:09  Probe (Chrono Boost)  
  19  1:20  Probe  
  20  1:32  Zealot, Probe  
  23  1:50  Cybernetics Core  
  23  1:53  Pylon  
  23  1:57  Pylon  
  23  2:11  Probe  
  23  2:13  Nexus  
  24  2:21  Warp Gate (Chrono Boost)  
  24  2:23  Probe  
  25  2:33  Adept  
  25  2:36  Probe  
  28  2:48  Pylon, Probe  
  29  3:00  Gateway, Probe  
  29  3:02  Assimilator  
  30  3:12  Probe  
  31  3:15  Adept  
  33  3:24  Probe  
  33  3:25  Probe  
  35  3:36  Probe  
  35  3:37  Probe  
  38  3:48  Probe  
  38  4:01  Probe  
  39  4:07  Adept x2  
  43  4:16  Probe x2  
  45  4:17  Pylon  
  45  4:28  Probe x2  
  47  4:39  Gateway x2  
  47  4:42  Gateway  
  47  4:45  Robotics Facility  
  47  4:49  Probe x2  
  47  4:52  Adept x2  
  53  5:01  Probe x2  
  53  5:03  Assimilator  
  53  5:05  Assimilator  
  55  5:13  Adept, Probe  
  55  5:14  Adept  
  60  5:19  Pylon  
  60  5:22  Pylon  
  60  5:24  Probe  
  60  5:25  Probe  
  63  5:43  Observer (Chrono Boost)  
  63  5:49  Adept x4  
  71  5:50  Adept  
  73  5:58  Pylon  
  73  6:01  Pylon  
  73  6:03  Immortal  
  77  6:17  Adept x5  
  87  6:32  Robotics Bay  
  87  6:50  Adept  
  87  6:51  Adept x4  
  97  6:56  Nexus  
  97  7:17  Probe  
  97  7:18  Probe  
  99  7:24  Adept  
  99  7:29  Pylon, Probe  
  102  7:31  Pylon x2  
  102  7:32  Pylon  
  102  7:47  Probe  
  103  8:01  Adept x4  
  103  8:02  Adept  
  113  8:09  Pylon  
  113  8:12  Pylon  
  113  8:18  Observer Gravitic Boosters  
  113  8:21  Colossus  
  119  8:29  Adept x5  
  129  8:40  Probe x3  
  132  8:52  Adept x3, Probe x3  
  132  8:53  Adept  
  143  8:56  Adept  
  145  9:13  Gateway  
  145  9:15  Gateway, Extended Thermal Lance  
  145  9:21  Colossus, Gateway  
  145  9:22  Gateway  
  151  9:41  Probe x3  
  151  9:43  Forge  
  154  9:45  Forge  
  154  9:50  Adept  
  154  9:51  Adept x4  
  154  9:52  Assimilator  
  164  9:53  Probe  
  164  9:54  Assimilator  
  165  10:01  Pylon  
  165  10:05  Pylon  
  165  10:07  Pylon  
  165  10:19  Probe x2  
  165  10:21  Adept x3  
  169  10:25  Adept x4  
  179  10:44  Adept x2  
  179  10:45  Adept x3  
  189  10:56  Pylon  
  189  10:57  Pylon  
  189  10:58  Pylon  
  189  11:00  Pylon  
  189  11:02  Pylon  
  189  11:18  Adept x2  
  189  11:19  Adept x3  
Show
View Real Time Build Order
Export as new Build Order

A.I. 1 (Easy) Zerg 

Build Orders: Pool First 

Get SALT Encoding   

  12  0:01  Drone  
  13  0:12  Overlord  
  13  0:17  Drone  
  14  0:31  Drone  
  14  0:35  Drone  
  16  0:43  Spawning Pool  
  16  0:46  Drone  
  16  0:49  Extractor  
  15  0:52  Drone  
  16  0:59  Overlord  
  16  1:30  Zergling x2  
  16  1:31  Queen  
  19  1:32  Roach Warren  
  19  1:34  Drone  
  19  1:36  Zergling x2  
  19  1:37  Extractor  
  19  1:41  Drone  
  20  1:51  Zergling x2  
  21  2:02  Zergling x2  
  22  2:13  Zergling x2  
  23  2:23  Zergling x2  
  24  2:34  Overlord  
  24  2:38  Zergling x2, Drone  
  26  2:44  Zergling x2  
  26  2:45  Drone  
  28  2:56  Drone  
  29  3:07  Drone  
  29  3:11  Drone  
  29  3:12  Overlord  
  31  3:16  Drone  
  32  5:34  Overlord  
  32  5:35  Lair, Roach, Drone  
  35  5:39  Drone  
  36  5:43  Drone  
  36  5:47  Drone  
  38  5:54  Roach  
  32  6:13  Roach  
  34  6:32  Overseer  
  34  6:33  Zergling x2  
  34  6:35  Infestation Pit, Overseer  
  34  6:37  Drone, Hydralisk Den  
  34  6:52  Hatchery  
  34  6:53  Drone  
  34  7:07  Hydralisk  
  36  7:26  Infestor  
  38  8:04  Drone  
  39  8:09  Drone  
  40  8:13  Drone  
  40  8:14  Extractor  
  40  8:15  Extractor  
  40  8:18  Drone  
  40  8:22  Drone  
  40  8:26  Drone  
  42  8:31  Drone  
  43  8:35  Drone  
  43  8:39  Drone  
  45  8:44  Drone  
  45  8:48  Drone  
  47  8:52  Drone  
  48  8:57  Drone  
  48  9:01  Drone  
  50  9:05  Drone  
  50  9:09  Drone  
  52  9:14  Drone  
  52  9:15  Overlord  
  53  9:18  Drone  
  53  9:22  Drone  
  55  9:27  Drone  
  55  9:31  Drone  
  57  9:35  Drone  
  58  9:39  Drone  
  58  9:44  Drone  
  60  9:57  Zergling x2, Overlord  
  60  9:58  Overseer, Pneumatized Carapace  
  60  9:59  Spire  
  60  10:02  Evolution Chamber  
  60  10:03  Zergling x2  
  60  10:10  Zergling x2  
  61  10:16  Zergling x2, Overlord  
  61  10:17  Drone  
  63  10:23  Zergling x2  
  63  10:29  Zergling x2  
  54  10:36  Zergling x2  
  55  11:04  Hydralisk  
  55  11:11  Mutalisk  
  57  11:16  Drone  
  57  11:17  Mutalisk  
  52  11:20  Drone  
  52  11:24  Mutalisk  
  52  11:25  Drone  
  44  11:29  Drone  
  44  11:31  Zergling x2  
  35  11:34  Drone  
  35  11:38  Drone  
  31  11:40  Zergling x2  
  31  11:42  Drone  
  31  11:45  Hatchery  
  31  11:46  Zergling x2  
  27  11:50  Drone  
Tags
 
Matchup
PvZ
Opening
Pool First
Spawn Locations
Cross Positions
Add a new tag
Caveats
  • Supply blocks, unpowered buildings, or Contaminate may cause inaccurate times.
  • Supply counts are checked every 10 seconds.